 Dungeon Crawl Stone Soup version 0.19.1-1-g22dce08 (webtiles) character file.

319 Dolanko the Poker (level 6, -13/55 HPs)
             Began as a Naga Warper on Jan 6, 2017.
             Mangled by an ogre
             ... wielding a +0 giant club
              (31 damage)
             ... on level 3 of the Dungeon.
             The game lasted 00:13:49 (4775 turns).

Dolanko the Poker (Naga Warper)                     Turns: 4775, Time: 00:13:49

Health: -13/55     AC:  3    Str: 13    XL:     6   Next: 46%
Magic:  10/10      EV: 10    Int: 13    God:
Gold:   166        SH:  0    Dex: 13    Spells: 1 memorised, 8 levels left

rFire  . . .     SeeInvis +     a - +0 spear
rCold  . . .     Gourm    .     q - +0 leather armour (curse)
rNeg   + + .     Faith    .     (no shield)
rPois  +         Spirit   .     (no helmet)
rElec  +         Reflect  .     (no cloak)
rCorr  .         Harm     .     (no gloves)
MR     .....                    (no barding)
Stlth  ++........               (no amulet)
                                m - ring of positive energy
                                t - ring of Joahil {rElec rN+ Slay+3 Stlth+}

@: very slow
A: see invisible, deformed body, poison resistance, slowness 2, slow metabolism
1, spit poison 1, AC +2
a: Spit Poison


You were on level 3 of the Dungeon.
You were not hungry.

You visited 1 branch of the dungeon, and saw 4 of its levels.

You collected 166 gold pieces.

Inventory:

Hand Weapons
 a - a +0 spear (weapon)
Missiles
 e - 5 tomahawks of dispersal (quivered)
Armour
 q - a cursed +0 leather armour (worn)
Jewellery
 h - an uncursed ring of ice
 m - a ring of positive energy (right hand)
 t - the ring of Joahil (left hand) {rElec rN+ Slay+3 Stlth+}
   (You found it on level 4 of the Dungeon)

   [ring of stealth]

   It affects your accuracy and damage with ranged weapons and melee attacks
   (+3).
   It insulates you from electricity.
   It protects you from negative energy.
   It makes you more stealthy.
Scrolls
 d - 2 scrolls of blinking
 j - a scroll of immolation {unknown}
 l - 3 scrolls of identify
 o - a scroll of amnesia {unknown}
 p - a scroll of recharging {unknown}
 s - 3 scrolls of remove curse {unknown}
 v - a scroll of fog {unknown}
Potions
 g - a potion of cancellation
 k - a potion of lignification {unknown}
 u - 3 potions of agility {unknown}
Books
 c - a book of Spatial Translocations

   Spells                             Type                      Level
   a - Blink                          Translocation                2
   b - Shroud of Golubria             Charms/Translocation         2
   c - Lesser Beckoning               Translocation                3
   d - Portal Projectile              Translocation                3
   e - Teleport Other                 Translocation                3
   f - Passage of Golubria            Translocation                4
Comestibles
 f - 2 bread rations
 i - 2 fruits
 n - a meat ration
 r - a slice of pizza


   Skills:
 - Level 2.5 Fighting
 * Level 4.2 Polearms
 - Level 0.8 Throwing
 + Level 2.2 Armour
 + Level 2.5 Dodging
 - Level 2.6 Spellcasting
 * Level 3.6 Translocations


You had 8 spell levels left.
You knew the following spells:

 Your Spells              Type           Power        Failure   Level  Hunger
a - Blink                 Tloc           N/A          12%         2    ###....


Dungeon Overview and Level Annotations

Branches:
Dungeon (4/15)
 Temple: D:4-7

Altars:
Elyvilon
Vehumet


Innate Abilities, Weirdness & Mutations

You cannot wear boots.
Your serpentine skin is tough. (AC +2)
You have supernaturally acute eyesight. (SInv)
Armour fits poorly on your strangely shaped body.
Your system is resistant to poisons. (rPois)
You cover ground very slowly.
You have a slow metabolism.
You can spit poison.


Message History

The gnoll hits you from afar with a spear.
Press: ? - help, Shift-Dir - straight line, p - gnoll The splash of poison misses the ogre.
You feel slightly more hungry. The gnoll hits you but does no damage.
The gnoll hits you from afar with a spear.
The gnoll hits you from afar with a spear.
The ogre hits you with a giant club!!
* * * LOW HITPOINT WARNING * * *
A gnoll comes into view. It is wielding a halberd.
You feel much better. The gnoll closely misses you. The gnoll hits you.
You have got your breath back.
The gnoll shouts!
The ogre barely misses you. The gnoll closely misses you.
The gnoll hits you but does no damage.
You climb upwards.
There is a stone staircase leading down, spattered with blood here.
You completely miss the gnoll. The gnoll hits you.
The ogre hits you with a giant club!!
Ouch! That really hurt!
You die...

....#.# #..######
##..#.# #.......#
#.##.# ##.####.#
#....# #.# #.#
#.#### #.# #.#
##.# #.# #.# ..o#
#.# #.# ..## #.#
#g# ..#########.#
#@#
............####O#
#.######..(......#
#.## #.#########
...# #.# .⌠.# #.#
...# #.# #.##
##.## #.# #...##
#########


You could see an ogre and a gnoll.

Vanquished Creatures
  A scorpion (D:4)
  An orc wizard (D:3)
  An iguana (D:3)
  Ijyb (D:2)
  A worker ant (D:4)
  6 adders
  An ooze (D:1)
  2 worms (D:2)
  2 dart slugs
  2 leopard geckos
  7 orcs
  3 bats
  14 goblins
  11 hobgoblins
  8 jackals
  11 kobolds
  A quokka (D:2)
  A ball python (D:2)
  7 frilled lizards
  7 rats
88 creatures vanquished.

Notes
Turn   | Place    | Note
-------+----------+-------------------------------------------
     0 | D:1      | Dolanko the Naga Warper began the quest for the Orb.
     0 | D:1      | Reached XP level 1. HP: 19/19 MP: 3/3
   296 | D:1      | Reached XP level 2. HP: 26/26 MP: 5/5
   730 | D:1      | Reached skill level 1 in Armour
  1066 | D:2      | Reached XP level 3. HP: 23/32 MP: 6/6
  1112 | D:2      | Noticed Ijyb
  1133 | D:2      | Killed Ijyb
  1139 | D:2      | Reached XP level 4. HP: 13/40 MP: 7/7
  2043 | D:2      | Reached skill level 3 in Polearms
  2300 | D:2      | Reached XP level 5. HP: 13/46 MP: 7/9
  2631 | D:2      | Learned a level 2 spell: Blink
  2937 | D:3      | Found a white marble altar of Elyvilon.
  2964 | D:3      | Found a radiant altar of Vehumet.
  3772 | D:4      | Noticed an ogre
  4261 | D:4      | Reached skill level 4 in Polearms
  4261 | D:4      | Reached XP level 6. HP: 21/55 MP: 10/10
  4447 | D:4      | Got a scintillating wooden ring
  4449 | D:4      | Identified the ring of Joahil {rElec rN+ Slay+3 Stlth+} (You found it on level 4 of the Dungeon)
  4771 | D:4      | HP: 1/55 [ogre/giant club (23)]
  4775 | D:3      | Mangled by an ogre

Skill      XL: |  1  2  3  4  5 |
---------------+----------------+-----
Armour         | 1 2 |  2.2
Dodging        | 2 |  2.5
Polearms       | 3 4 |  4.2
Fighting       | |  2.5
Throwing       | |  0.8
Spellcasting   | |  2.6
Translocations | |  3.6

Action                   |  1- 3 |  4- 6 || total
-------------------------+-------+-------++-------
Melee: Spear             |    95 |   352 ||   447
 Cast: Blink             |       |     1 ||     1
 Abil: Spit Poison       |     3 |    12 ||    15
  Use: Scroll            |       |     1 ||     1
       Potion            |       |     4 ||     4
 Stab: Distracted        |       |     1 ||     1
  Eat: Chunk             |       |    10 ||    10
Armor: Leather armour    |    12 |    59 ||    71
Dodge: Dodged            |    44 |   155 ||   199
